 Dungeon Crawl Stone Soup version 0.20.0-8-g6b59dc7 (webtiles) character file.

67785 tof the Tortoise (level 14, -7/100 (101) HPs)
             Began as a Minotaur Gladiator on June 2, 2017.
             Was the Champion of Okawaru.
             Mangled by Donald
             ... wielding a +0 double sword of slicing
              (23 damage)
             ... on level 2 of the Orcish Mines.
             The game lasted 01:29:42 (24626 turns).

tof the Tortoise (Minotaur Gladiator)              Turns: 24626, Time: 01:29:43

HP:   -7/100 (101)  AC: 27    Str: 21    XL:     14   Next: 84%
MP:   11/11         EV: 15    Int:  7    God:    Okawaru [******]
Gold: 1476          SH:  0    Dex: 19    Spells: 13/13 levels left

rFire    + . .     SeeInvis .   a - +8 lajatang "Laliler" {flame, rElec rF+ rC++ Str-4}
rCold    + + .     Gourm    .   (shield currently unavailable)
rNeg     . . .     Faith    .   G - +0 plate armour
rPois    +         Spirit   .   N - +2 hat {MR+}
rElec    +         Reflect  .   i - +0 cloak
rCorr    .         Harm     .   Q - +2 pair of gloves {Dex+3}
MR       +++..                  F - +0 pair of boots {Stlth+}
Stlth    ..........             M - amulet of regeneration
Regen    0.7/turn               A - ring of protection from magic
MPRegen  0.2/turn               r - +3 ring of strength

@: no status effects
A: retaliatory headbutt, horns 2, talons 1, agile 1, clever 1, frail 2, low mp
1, poison resistance, MP-powered wands
a: Heroism, Finesse, Renounce Religion


You were on level 2 of the Orcish Mines.
You worshipped Okawaru.
Okawaru was exalted by your worship.
You were not hungry.

You visited 4 branches of the dungeon, and saw 22 of its levels.
You also visited: Ice Cave.

You collected 1742 gold pieces.
You spent 266 gold pieces at shops.

Inventory:

Hand Weapons
 a - the +8 lajatang "Laliler" (weapon) {flame, rElec rF+ rC++ Str-4}
   (You acquired it on level 11 of the Dungeon)

   It has been specially enchanted to burn those struck by it, causing extra
   injury to most foes and up to half again as much damage against particularly
   susceptible opponents.
   Big, fiery blades are also staple armaments of hydra-hunters.
   It affects your strength (-4).
   It protects you from fire.
   It greatly protects you from cold.
   It insulates you from electricity.
 b - a +3 blowgun
Missiles
 d - a throwing net
 f - 35 poisoned needles
 E - 7 javelins of penetration
 H - 6 poisoned javelins
 I - 17 tomahawks
 L - 7 tomahawks of returning
 V - an exploding tomahawk (quivered)
Armour
 i - a +0 cloak (worn)
 F - a +0 pair of boots of stealth (worn)
 G - a +0 plate armour (worn)
 N - a +2 hat of magic resistance (worn)
 Q - a +2 pair of gloves of dexterity (worn)
Jewellery
 r - a +3 ring of strength (right hand)
 u - a +3 amulet of reflection
 A - a ring of protection from magic (left hand)
 M - an amulet of regeneration (around neck)
 W - an uncursed ring of protection from cold
Wands
 T - a wand of polymorph (11/24)
 Y - a wand of digging (13/24)
Scrolls
 e - 8 scrolls of magic mapping
 j - 2 scrolls of fog
 l - a scroll of recharging {unknown}
 m - a scroll of silence
 p - 4 scrolls of enchant armour
 y - 2 scrolls of holy word
 D - a scroll of blinking
 O - 3 scrolls of remove curse
 R - 10 scrolls of teleportation
 X - a scroll of fear
Potions
 k - 5 potions of heal wounds {unknown}
 n - a potion of cancellation
 o - 4 potions of flight {unknown}
 q - 2 potions of lignification {unknown}
 s - 2 potions of might
 v - a potion of invisibility
 w - 2 potions of brilliance {unknown}
 x - a potion of experience {unknown}
 z - 3 potions of mutation {unknown}
 B - 10 potions of curing {unknown}
 C - a potion of berserk rage {unknown}
 P - a potion of haste {unknown}
 S - 3 potions of resistance {unknown}
Miscellaneous
 c - 2 sacks of spiders
Comestibles
 g - 10 royal jellies
 h - 14 meat rations
 t - 24 fruits
 J - 3 bread rations


   Skills:
 * Level 12.7 Fighting
 - Level 14.0 Staves
 + Level 11.1 Throwing
 * Level 17.1 Armour
 + Level 12.1 Dodging


You had 13 spell levels left.
You didn't know any spells.

Dungeon Overview and Level Annotations

Branches:
Dungeon (13/15)            Temple (1/1) D:5            Lair (6/6) D:9
  Swamp (0/4) Lair:4       Spider (0/4) Lair:2        Slime (0/5) Lair:6
    Orc (2/2) D:12
    Elf: Orc:2       Vaults: D:13-14

Altars:
Ashenzari
Cheibriados
Dithmenos
Elyvilon
Fedhas
Gozag
Hepliaklqana
Kikubaaqudgha
Makhleb
Nemelex Xobeh
Okawaru
Qazlal
Ru
Sif Muna
Trog
Uskayaw
Vehumet
Xom
Yredelemnul
Zin
The Shining One
Jiyva

Shops:
D:11 ?

Annotations:
Orc:2 Donald


Innate Abilities, Weirdness & Mutations

You reflexively headbutt those who attack you in melee.
You have a pair of horns on your head.
You have sharp toenails.
You are agile. (Dex +2)
Your mind is acute. (Int +2)
You are very frail. (-20% HP)
Your magical capacity is low. (-10% MP)
Your system is resistant to poisons. (rPois)
You expend magic power (3 MP) to strengthen your wands.


Message History

Donald hits you with a double sword of slicing!
Your plate armour prevents you from hitting Donald.
You headbutt Donald, but do no damage.
Donald is heavily wounded.
Donald hits you with a double sword of slicing!!
The orc priest misses you.
The orc warrior hits you but does no damage.
Donald blocks your attack.
Donald is heavily wounded.
Donald kicks a rock and scowls.
Donald hits you with a double sword of slicing!!
* * * LOW HITPOINT WARNING * * *
x2 You slash Donald!
You burn Donald. Donald blocks your attack.
Donald is severely wounded.
The orc warrior completely misses you.
The orc priest begins to cast a cantrip, but forgets the words!
Donald misses you. You furiously retaliate!
You headbutt Donald!
Items here: ))))) [[[[ †††† Donald hits you with a double sword of slicing!!
You die...

### ### #.# ##.### #.## #....##
##..## ##..(..# ####....### ..
###...(..####...).....#
...##..........##.........###
.....).......###............#
....<.........##@[...#.)....##
.........##..oo@)[.###)......##
$........#.....o[..###.#).....#
$.....######........#####.......#
...... #.........###..#......##
...@.. ##........###.....##.##
..o#.. #........)#.....## ##
oo#### #..........)[....#
.......#.........##


You could see Donald, an orc warrior, an orc priest and an orc.

Vanquished Creatures
  Gastronok (D:10)
  An orc warlord (Orc:2)
  Nessos (Lair:5)
  A fire dragon (Lair:6)
  Josephine (D:9)
  A yaktaur captain (D:10)
  A catoblepas (Lair:2)
  9 hydras
  2 two-headed ogres
  6 death yaks
  A swamp dragon (Lair:6)
  3 unseen horrors
  Pikel (D:5)
  A lindwurm (Lair:3)
  A wolf spider zombie (D:12)
  A deep elf mage (D:12)
  4 ugly things
  An orc sorcerer (Orc:2)
  3 black mambas
  4 elephants
  3 ice statues (IceCv)
  A gargoyle (D:12)
  3 centaur skeletons
  10 spiny frogs
  13 rime drakes
  A freezing wraith (D:12)
  7 komodo dragons
  4 trolls
  A polar bear (Lair:1)
  18 blink frogs
  5 dream sheep (Lair:4)
  15 hippogriffs
  A shadow (D:13)
  Sigmund (D:5)
  4 wraiths
  A vampire (D:11)
  8 wyverns
  A human (D:10)
  The ghost of tof the Twirler, an amateur MiGl (D:3)
  40 yaks
  3 hogs (D:10)
  Eustachio (D:5)
  10 basilisks
  3 steam dragons
  3 hungry ghosts
  2 wargs
  A soldier ant (D:6)
  6 acid dragons
  11 water moccasins
  2 hell hounds (Lair:5)
  2 sky beasts
  6 porcupines
  15 orc warriors
  11 ice beasts
  3 black bears
  2 necrophages
  6 ogres
  4 phantoms
  7 wolves
  5 centaurs
  21 crocodiles
  3 big kobolds
  14 bullfrogs
  2 scorpions
  6 killer bees
  2 vampire bats (D:3)
  A howler monkey (D:6)
  An electric eel (Lair:1)
  A lava snake (D:10)
  7 crimson imps
  2 bullfrog zombies
  13 orc priests
  4 hounds
  2 jellies
  13 orc wizards
  3 bullfrog skeletons
  4 iguanas
  2 hell rats (Lair:5)
  8 worker ants
  A worker ant zombie (D:5)
  Robin (D:4)
  11 adders
  9 gnolls
  4 river rats (Lair:5)
  A shadow imp (D:5)
  12 white imps (Lair:3)
  An ooze (D:4)
  An adder zombie (D:8)
  3 adder skeletons
  A worm (D:5)
  2 dart slugs (D:1)
  9 leopard geckos
  38 orcs
  A ball python (D:2)
  3 bat skeletons (D:3)
  3 bat zombies (D:3)
  4 giant cockroaches
  8 goblins
  13 hobgoblins
  10 jackals
  8 quokkas
  7 bats
  6 frilled lizards
  16 kobolds
  A leopard gecko zombie (D:7)
  12 rats
  A butterfly (D:6)
581 creatures vanquished.

Vanquished Creatures (others)
  A crimson imp (D:5)
  A hound (D:5)
  A bullfrog skeleton (D:5)
  A leopard gecko (D:8)
  An orc (D:5)
  A quokka (D:7)
  A frilled lizard (D:5)
  4 fungi
  5 plants
16 creatures vanquished.

Grand Total: 597 creatures vanquished

Notes
Turn   | Place    | Note
-------+----------+-------------------------------------------
     0 | D:1      | tof the Minotaur Gladiator began the quest for the Orb.
     0 | D:1      | Reached XP level 1. HP: 18/18 MP: 0/0
   204 | D:1      | Reached XP level 2. HP: 22/25 MP: 1/1
   639 | D:1      | Reached skill level 1 in Armour
   837 | D:2      | Reached XP level 3. HP: 30/30 MP: 2/2
   895 | D:2      | Found a glowing silver altar of Zin.
   895 | D:2      | Noticed an angel
   897 | D:2      | Found a shimmering altar of Xom.
  1638 | D:3      | Found an ancient bone altar of Kikubaaqudgha.
  1646 | D:3      | Reached XP level 4. HP: 36/38 MP: 3/3
  1648 | D:3      | Reached skill level 2 in Armour
  1835 | D:3      | Reached XP level 5. HP: 43/45 MP: 4/4
  1873 | D:3      | Noticed tof's ghost (amateur MiGl)
  1887 | D:3      | Killed tof's ghost
  1887 | D:3      | Reached skill level 5 in Staves
  1887 | D:3      | Reached skill level 3 in Armour
  1887 | D:3      | Reached XP level 6. HP: 13/52 MP: 5/5
  2798 | D:4      | Noticed an ice beast
  2803 | D:4      | Killed an ice beast
  2861 | D:4      | Found a sparkling altar of Nemelex Xobeh.
  2891 | D:4      | Reached skill level 4 in Armour
  2965 | D:4      | Noticed Robin
  2973 | D:4      | Killed Robin
  3111 | D:4      | Reached XP level 7. HP: 50/59 MP: 6/6
  3563 | D:5      | Entered Level 5 of the Dungeon
  3618 | D:5      | Reached skill level 5 in Armour
  3718 | D:5      | Noticed Pikel
  3733 | D:5      | HP: 3/60 [slave[Pikel] (3)]
  4055 | D:5      | Found a staircase to the Ecumenical Temple.
  4108 | D:5      | Killed Pikel
  4108 | D:5      | Reached skill level 5 in Fighting
  4108 | D:5      | Reached skill level 6 in Armour
  4108 | D:5      | Reached skill level 5 in Dodging
  4108 | D:5      | Reached XP level 8. HP: 35/68 MP: 7/7
  4262 | D:5      | Noticed Eustachio
  4334 | D:5      | Killed Eustachio
  4494 | D:5      | Noticed Sigmund
  4508 | D:5      | Killed Sigmund
  4940 | D:6      | Reached skill level 7 in Armour
  5071 | D:6      | Reached XP level 9. HP: 68/75 MP: 8/8
  5083 | D:6      | Found a runed door.
  5087 | D:6      | Found a runed door.
  5091 | D:6      | Reached skill level 5 in Throwing
  6100 | Temple   | Entered the Ecumenical Temple
  6239 | Temple   | Became a worshipper of Warmaster Okawaru
  6492 | D:7      | Reached skill level 8 in Armour
  6960 | D:7      | Found a white marble altar of Elyvilon.
  7771 | D:7      | Reached * piety under Okawaru
  7881 | D:8      | Reached skill level 9 in Armour
  8220 | D:8      | Noticed a troll
  8236 | D:8      | Killed a troll
  8236 | D:8      | Reached skill level 10 in Staves
  8236 | D:8      | Reached XP level 10. HP: 61/86 MP: 9/9
  8629 | D:9      | Reached ** piety under Okawaru
  9395 | D:9      | Found a blossoming altar of Fedhas.
  9699 | D:8      | Noticed a two-headed ogre
  9952 | D:8      | Killed a two-headed ogre
  9952 | D:8      | Reached *** piety under Okawaru
  9952 | D:8      | Reached skill level 10 in Armour
 10545 | D:8      | Gained mutation: You have a pair of large horns on your head. [mutagenic meat]
 10546 | D:8      | Gained mutation: Your system is resistant to poisons. (rPois) [mutagenic meat]
 10547 | D:8      | Gained mutation: You expend magic power (3 MP) to strengthen your wands. [mutagenic meat]
 10548 | D:8      | Lost mutation: You have a pair of large horns on your head. [mutagenic meat]
 10549 | D:8      | Gained mutation: Your mind is acute. (Int +2) [mutagenic meat]
 11065 | D:9      | Found a staircase to the Lair.
 11121 | D:10     | Entered Level 10 of the Dungeon
 11196 | D:10     | Received a gift from Okawaru
 11196 | D:10     | Reached XP level 11. HP: 94/94 MP: 10/10
 11266 | D:10     | Noticed Gastronok
 11329 | D:10     | Killed Gastronok
 11329 | D:10     | Reached **** piety under Okawaru
 11329 | D:10     | Reached skill level 11 in Armour
 11459 | D:10     | Noticed a two-headed ogre
 11486 | D:10     | Killed a two-headed ogre
 11765 | D:10     | Killed an unseen horror
 11765 | D:10     | Reached ***** piety under Okawaru
 11935 | D:10     | Noticed Josephine
 11963 | D:9      | Killed Josephine
 12138 | D:10     | Received a gift from Okawaru
 12261 | D:10     | Killed an unseen horror
 12361 | D:10     | Noticed a yaktaur captain
 12501 | D:10     | Reached skill level 12 in Armour
 12767 | D:10     | Killed a yaktaur captain
 12931 | D:11     | Found a flagged portal.
 12950 | D:11     | Found Hozim's Magic Scroll Shoppe.
 12996 | D:11     | Reached XP level 12. HP: 92/103 MP: 11/11
 13209 | D:11     | Bought a scroll of teleportation for 42 gold pieces
 13209 | D:11     | Bought a scroll of teleportation for 42 gold pieces
 13209 | D:11     | Bought a scroll of teleportation for 42 gold pieces
 13209 | D:11     | Bought a scroll of identify for 28 gold pieces
 13209 | D:11     | Bought a scroll of identify for 28 gold pieces
 13209 | D:11     | Bought a scroll of identify for 28 gold pieces
 13209 | D:11     | Bought a scroll of identify for 28 gold pieces
 13209 | D:11     | Bought a scroll of identify for 28 gold pieces
 13211 | D:11     | Identified a scroll of acquirement
 13216 | D:11     | Got a warped lajatang
 13217 | D:11     | Identified the +8 lajatang "Laliler" {flame, rElec rF+ rC++ Str-4} (You acquired it on level 11 of the Dungeon)
 13777 | D:11     | Gained mutation: You evolve. [mutagenic meat]
 13778 | D:11     | Gained mutation: Your magical capacity is low. (-10% MP) [mutagenic meat]
 14081 | D:12     | Reached skill level 13 in Armour
 14131 | D:12     | Received a gift from Okawaru
 14434 | D:12     | Reached skill level 10 in Fighting
 14440 | D:12     | Received a gift from Okawaru
 14544 | D:12     | Found a staircase to the Orcish Mines.
 14747 | D:13     | Noticed a death knight
 15052 | Lair:1   | Entered Level 1 of the Lair of Beasts
 15152 | Lair:1   | Received a gift from Okawaru
 16198 | Lair:2   | Found a hole to the Spider Nest.
 16225 | Lair:2   | Noticed a seven-headed hydra
 16230 | Lair:2   | Killed a five-headed hydra
 16230 | Lair:2   | Reached XP level 13. HP: 104/113 MP: 10/10
 16416 | Lair:2   | HP: 4/113 [death yak (4)]
 16811 | Lair:1   | Reached skill level 14 in Armour
 16820 | Lair:1   | Reached skill level 10 in Dodging
 17641 | Lair:2   | You fall through a shaft!
 17654 | Lair:3   | Found a labyrinth entrance.
 17706 | Lair:3   | Found a frozen archway.
 17736 | IceCv    | Entered an ice cave
 17905 | IceCv    | Reached ****** piety under Okawaru
 17905 | IceCv    | Received a gift from Okawaru
 17971 | IceCv    | Gained mutation: You are frail. (-10% HP) [mutagenic meat]
 17972 | IceCv    | Gained mutation: You have sharp toenails. [mutagenic meat]
 17973 | IceCv    | Lost mutation: You evolve. [mutagenic meat]
 17974 | IceCv    | Gained mutation: You are very frail. (-20% HP) [mutagenic meat]
 18338 | IceCv    | Identified the Tome of Combat Magic
 18405 | Lair:3   | Reached skill level 15 in Armour
 20484 | Lair:4   | Found a staircase to the Swamp.
 20659 | Lair:4   | Reached skill level 10 in Throwing
 20779 | Lair:4   | Reached XP level 14. HP: 88/98 MP: 11/11
 21301 | Lair:5   | Noticed Nessos
 21322 | Lair:5   | Killed Nessos
 21702 | Lair:5   | Received a gift from Okawaru
 21703 | Lair:5   | Got a slimy robe {god gift}
 21714 | Lair:5   | Identified the +1 robe "Xoeceiha" {*Contam +Inv Str+4} (Okawaru gifted it to you on level 5 of the Lair of Beasts)
 21741 | Lair:5   | Gained mutation: You are agile. (Dex +2) [mutagenic glow]
 21869 | Lair:5   | Reached skill level 16 in Armour
 22497 | Lair:6   | Entered Level 6 of the Lair of Beasts
 23034 | Lair:6   | Found a viscous altar of Jiyva.
 23052 | Lair:6   | Found a staircase to the Slime Pits.
 23453 | Lair:6   | Received a gift from Okawaru
 24011 | Orc:1    | Entered Level 1 of the Orcish Mines
 24061 | D:12     | Received a gift from Okawaru
 24174 | Orc:1    | Reached skill level 17 in Armour
 24371 | Orc:2    | Entered Level 2 of the Orcish Mines
 24439 | Orc:2    | Noticed an orc warlord
 24468 | Orc:2    | Killed an orc warlord
 24468 | Orc:2    | Received a gift from Okawaru
 24587 | Orc:2    | Noticed Donald
 24626 | Orc:2    | Mangled by Donald

Skill      XL: |  1  2  3  4  5  6  7  8  9 10 11 12 13 14 |
---------------+-------------------------------------------+-----
Staves         | 4 5 6 7 8 10 11 12 14 | 14.0
Armour         | 1 2 3 4 6 7 9 10 12 13 15 17 | 17.1
Fighting       | 3 4 5 7 8 9 10 11 12 | 12.7
Throwing       | 3 4 5 6 7 8 10 11 | 11.1
Dodging        | 4 5 6 7 8 9 11 12 | 12.1

Action                   |  1- 3 |  4- 6 |  7- 9 | 10-12 | 13-15 || total
-------------------------+-------+-------+-------+-------+-------++-------
Melee: Quarterstaff      |    65 |   114 |   336 |   507 |       ||  1022
       Headbutt          |     8 |    22 |    84 |   169 |   147 ||   430
       Lajatang          |       |       |       |   225 |   653 ||   878
 Fire: Blowgun           |       |       |     5 |    85 |    82 ||   172
Throw: Throwing net      |       |       |    10 |     3 |       ||    13
       Tomahawk          |       |       |       |       |     6 ||     6
  Use: Scroll            |     2 |     1 |    13 |    16 |     7 ||    39
 Stab: Sleeping          |     1 |       |       |       |       ||     1
       Petrified         |       |       |       |       |     5 ||     5
  Eat: Chunk             |     2 |     5 |     6 |    19 |     5 ||    37
       Bread ration      |       |       |     3 |     4 |     7 ||    14
       Meat ration       |       |       |     1 |       |       ||     1
Armor: Leather armour    |    24 |    13 |       |       |       ||    37
       Chain mail        |       |    47 |   137 |       |       ||   184
       Plate armour      |       |       |    80 |   504 |   375 ||   959
Dodge: Dodged            |    48 |    62 |   185 |   299 |   357 ||   951
Block: Other             |     1 |     6 |    52 |    36 |    27 ||   122
       Reflection        |       |       |     1 |       |     3 ||     4
